 Dungeon Crawl Stone Soup version 0.27-a0-1312-g5cdb2b3542 (webtiles) character file.

Game seed: 4005135806809223437

19 puppykicker the Vexing (level 2, 0/21 HPs)
             Began as a Formicid Arcane Marksman on June 20, 2021.
             Slain by a quokka (5 damage)
             ... on level 1 of the Dungeon.
             The game lasted 00:01:32 (932 turns).

puppykicker the Vexing (Formicid Arcane Marksman)    Turns: 932, Time: 00:01:32

Health: 0/21       AC:  2    Str: 14    XL:     2   Next: 95%
Magic:  3/3        EV: 12    Int: 12    God:
Gold:   27         SH:  0    Dex: 11    Spells: 2/3 levels left

rFire    . . .     SeeInvis +   a - +0 hand crossbow
rCold    . . .     Faith    .   (no shield)
rNeg     . . .     Spirit   .   d - +0 robe
rPois    .         Reflect  .   (helmet unavailable)
rElec    .         Harm     .   (no cloak)
rCorr    .         Rampage  .   (no gloves)
Will     .....                  (no boots)
Stlth    +.........             (no amulet)
HPRegen  0.07/turn              (no ring)
MPRegen  0.08/turn              (no ring)

@: no status effects
A: permanent stasis, dig shafts and tunnels, antennae 3, four strong arms
a: Dig, Shaft Self


You were on level 1 of the Dungeon.
You visited 1 branch of the dungeon, and saw 1 of its levels.

You collected 27 gold pieces.

Inventory:

Hand Weapons
 a - a +0 hand crossbow (weapon)
 b - a +0 club
Missiles
 Q - 18 bolts (quivered ammo)
Armour
 d - a +0 robe (worn)
Scrolls
 c - a scroll of fog {unknown}
 e - a scroll of identify {unknown}


   Skills:
 - Level 1.1 Fighting
 + Level 3.2 Crossbows
 - Level 1.7 Dodging
 - Level 1.1 Spellcasting
 - Level 3.6 Hexes


You had 2 spell levels left.
You knew the following spells:

 Your Spells              Type           Power      Damage    Failure   Level
a - Corona                Hex            10%        N/A       7%          1

Your spell library contained the following spells:

 Spells                   Type           Power      Damage    Failure   Level
 Slow                     Hex            9%         N/A       11%         2
 Inner Flame              Hex/Fire       5%         N/A       38%         3
 Portal Projectile        Hex/Tloc       10%        N/A       38%         3
 Cause Fear               Hex            4%         N/A       56%         4
 Leda's Liquefaction      Hex/Erth       2%         N/A       80%         4


Dungeon Overview and Level Annotations

Branches:
Dungeon (1/15)

Altars:
Beogh


Innate Abilities, Weirdness & Mutations

You cannot be hasted, slowed, berserked, paralysed or teleported.
You can dig through walls and to a lower floor.
You have a pair of large antennae on your head. (SInv)
Your four strong arms can wield two-handed weapons with a shield.


Message History

There is an open door here.
You open the door.
There is an open door here.
A bat and a quokka come into view.
You regained 6 hp, and now have 18/21 hp.
The bat closely misses you.
You see here a scroll labelled ZYROED ZITHIUM.
You hit the bat.
You kill the bat!
You hit the quokka. The quokka closely misses you.
The quokka bites you but does no damage.
You closely miss the quokka. The quokka barely misses you.
You hit the quokka but do no damage. The quokka barely misses you.
The quokka bites you.
You take 2 damage, and have 16/21 hp.
You hit the quokka. The quokka barely misses you.
You barely miss the quokka. The quokka bites you. x2
You take 4 damage, and have 12/21 hp.
You hit the quokka. The quokka completely misses you.
You barely miss the quokka. The quokka barely misses you. x2
You closely miss the quokka. The quokka bites you.
* * * LOW HITPOINT WARNING * * *
The quokka bites you.
* * * LOW HITPOINT WARNING * * *
You take 8 damage, and have 5/21 hp.
MASSIVE DAMAGE!!
You are too injured to fight recklessly!
You are too injured to fight recklessly!
a - a +0 hand crossbow (weapon)
Fire: 20 bolts
Press: ? - help, Q - select action Shift-Dir - straight line, f - quokka
Aim: a quokka (almost dead, 50% to hit)
You shoot a bolt. The bolt barely misses the quokka.
The quokka barely misses you. The quokka closely misses you.
Fire: 19 bolts
Press: ? - help, Q - select action Shift-Dir - straight line, f/p - quokka
Aim: a quokka (almost dead, 50% to hit)
You shoot a bolt. The bolt barely misses the quokka.
The quokka bites you.
You die...

###############
#.....?..$....##
#########...............
........'.......@.......
#########........r......
# #............... #
#............... #
##########+###.. # .
################
#..............#
#..............#


You could see a quokka.

Levels and vault maps discovered:
D:1:      elethiomel_arrival_infinity_welcomes_careful_drivers, layout_basic,
          hellmonk_ecumenical_altar_defaced_shrine

Notes
Turn   | Place    | Note
-------+----------+-------------------------------------------
     0 | D:1      | puppykicker the Formicid Arcane Marksman began the quest
                  | for the Orb.
     0 | D:1      | Reached XP level 1. HP: 15/15 MP: 2/2
    36 | D:1      | Identified a +0 club
   189 | D:1      | Reached XP level 2. HP: 12/21 MP: 3/3
   318 | D:1      | Identified a +0 short sword
   348 | D:1      | Identified a +0 dagger
   349 | D:1      | Identified a +0 dagger
   351 | D:1      | Identified a +0 club
   412 | D:1      | Reached skill level 3 in Crossbows
   753 | D:1      | Found a faded altar of an unknown god.
   794 | D:1      | Identified a +0 leather armour
   929 | D:1      | HP: 5/21 [quokka (4)]
   930 | D:1      | Identified a +0 hand crossbow
   932 | D:1      | Slain by a quokka

Table legend: (Time is in decaauts)
 A = Elapsed time spent in this place.
 B = Non-inter-level travel time spent in this place.
 C = Inter-level travel time spent in this place.
 D = Time resting spent in this place.
 E = Time spent auto-exploring this place.
 F = Levels seen in this place.
 G = Mean time per level.
                   A        B        C        D        E       F      G
               +--------+--------+--------+--------+--------+-----+--------+
         Total |    952 |    952 |      0 |    247 |    544 |   1 |  952.0 |
       Dungeon |    952 |    952 |      0 |    247 |    544 |   1 |  952.0 |
               +--------+--------+--------+--------+--------+-----+--------+

Top non-repeatable levels by time:
     D:1: 952 daAuts

Table legend:
 A = Kills in this place as a percentage of kills in entire the game.
 B = Kills by you in this place as a percentage of kills by you in the entire game.
 C = Kills by friends in this place as a percentage of kills by friends in the entire game.
 D = Other kills in this place as a percentage of other kills in the entire game.
 E = Experience gained in this place as a percentage of experience gained in the entire game.
 F = Experience gained in this place divided by the number of levels of this place that you have seen.
                   A       B       C       D       E      F
               +-------+-------+-------+-------+-------+----------------------
         Total | 100.0 | 100.0 |   N/A |   N/A | 100.0 |  28.0
       Dungeon | 100.0 | 100.0 |   N/A |   N/A | 100.0 |  28.0
               +-------+-------+-------+-------+-------+----------------------

Skill      XL: |  1  2 |
---------------+-------+-----
Crossbows      | 3 |  3.2
Fighting       | |  1.1
Dodging        | |  1.7
Spellcasting   | |  1.1
Hexes          | |  3.6

Action                   || total
-------------------------++-------
Melee: Club              ||    70
 Fire: Hand crossbow     ||     3
 Stab: Sleeping          ||     1
Armor: Robe              ||    13
Dodge: Dodged            ||    65

Vanquished Creatures
  A dart slug (D:1)
  A giant cockroach (D:1)
  2 goblins (D:1)
  3 hobgoblins (D:1)
  3 kobolds (D:1)
  A ball python (D:1)
  3 bats (D:1)
  2 frilled lizards (D:1)
  2 rats (D:1)
18 creatures vanquished.
